 Dungeon Crawl Stone Soup version 0.26-a0-1086-g9010512d90 (webtiles) character file.

Game seed: 18315096498664690581

468 pkoi the Carver (level 6, -3/51 HPs)
             Began as a Minotaur Gladiator on Dec 14, 2020.
             Slain by a bog mummy (15 damage)
             ... in an ossuary.
             The game lasted 00:02:58 (2818 turns).

pkoi the Carver (Minotaur Gladiator)                Turns: 2818, Time: 00:02:59

Health: -3/51      AC:  7    Str: 20    XL:     6   Next: 81%
Magic:  5/5        EV: 12    Int:  5    God:
Gold:   101        SH:  0    Dex: 18    Spells: 5/5 levels left

rFire    . . .     SeeInvis .   a - +0 long sword
rCold    . . .     Faith    .   (no shield)
rNeg     . . .     Spirit   .   q - +1 scale mail {Will+}
rPois    .         Reflect  .   c - +0 hat
rElec    .         Harm     .   (no cloak)
rCorr    .         Rampage  .   (no gloves)
Will     +....                  (no boots)
Stlth    ..........             (no amulet)
HPRegen  0.17/turn              f - +6 ring of dexterity
MPRegen  0.09/turn              (no ring)

@: very slow
A: retaliatory headbutt, horns 2
a: no special abilities


You were in an ossuary.
You visited 1 branch of the dungeon, and saw 4 of its levels.
You also visited: Ossuary.

You collected 101 gold pieces.

Inventory:

Hand Weapons
 a - a +0 long sword (weapon)
Missiles
 d - 3 throwing nets (quivered)
 k - 5 curare-tipped darts
Armour
 c - a +0 hat (worn)
 q - a +1 scale mail of willpower (worn)
Jewellery
 f - a +6 ring of dexterity (left hand)
 t - an uncursed ring of positive energy {unknown}
 v - a cursed ring of protection from cold {unknown}
Scrolls
 e - 4 scrolls of identify {unknown}
 h - a scroll of magic mapping {unknown}
 i - a scroll of teleportation {unknown}
 j - a scroll of fog {unknown}
 l - 3 scrolls of blinking
 r - 2 scrolls of enchant weapon {unknown}
 u - a scroll of remove curse {unknown}
Potions
 b - a potion of mutation {unknown}
 g - a potion of curing {unknown}
 m - a potion of heal wounds {unknown}
 n - a potion of degeneration {unknown}
 o - a potion of brilliance {unknown}
 p - a potion of cancellation {unknown}
 s - a potion of lignification {unknown}


   Skills:
 + Level 3.5 Fighting
 + Level 8.1 Long Blades
 - Level 2.0 Throwing
 + Level 2.3 Armour
 + Level 4.0 Dodging


You had 5 spell levels left.
You didn't know any spells.
Your spell library was empty.

Dungeon Overview and Level Annotations

Branches:
Dungeon (4/15)            Ossuary (1/1)
 Temple: D:4-7

Altars:
Elyvilon
Nemelex Xobeh
Okawaru
Ru
Wu Jian
Zin
The Shining One


Innate Abilities, Weirdness & Mutations

You reflexively headbutt those who attack you in melee.
You have a pair of horns on your head.


Message History

You are too injured to fight recklessly!
You are too injured to fight recklessly!
You are too injured to fight recklessly!
You are too injured to fight recklessly!
You are too injured to fight recklessly!
You are too injured to fight recklessly!
You are too injured to fight recklessly!
You are too injured to fight recklessly!
You are too injured to fight recklessly!
You are too injured to fight recklessly!
You are too injured to fight recklessly!
You are too injured to fight recklessly!
You are too injured to fight recklessly!
You are too injured to fight recklessly!
You are too injured to fight recklessly!
You are too injured to fight recklessly!
You are too injured to fight recklessly!
Your unstable footing causes you to fumble your attack.
The bog mummy hits you!
You die...

#.# #≈# ≈.# #≈+ #≈#
### #.### ## +≈# #.#
#≈.P##≈≈≈
#.#####'#####≈≈≈≈≈#
+.....≈≈.≈≈≈≈≈..≈#
#.#####≈#####≈≈###
+.#..∩#.# #≈≈P#
###.#.∩.### #@≈≈#
#.'.#...# # #≈M.#
###.##'##'##+##.≈#≈#
+...........≈...##
#+#'#'#+#'#+#+###
#.#.# #####


You could see a bog mummy.

Vanquished Creatures
  Purgy (D:3)
  A bullfrog zombie (Ossuary)
  A hound (D:4)
  Terence (D:2)
  2 hound zombies (Ossuary)
  A howler monkey zombie (Ossuary)
  8 mummies (Ossuary)
  2 adders
  An ooze (D:2)
  6 worms
  4 dart slugs
  2 leopard geckos
  2 orcs
  2 giant cockroaches (D:3)
  10 goblins
  3 hobgoblins
  4 jackals (D:1)
  3 quokkas
  3 ball pythons
  7 bats
  4 frilled lizards
  4 kobolds
  11 rats
83 creatures vanquished.

Vanquished Creatures (others)
  5 withered plants (Ossuary)
5 creatures vanquished.

Grand Total: 88 creatures vanquished

Notes
Turn   | Place    | Note
-------+----------+-------------------------------------------
     0 | D:1      | pkoi the Minotaur Gladiator began the quest for the Orb.
     0 | D:1      | Reached XP level 1. HP: 18/18 MP: 0/0
    75 | D:1      | Reached skill level 4 in Long Blades
    91 | D:1      | Reached XP level 2. HP: 21/25 MP: 1/1
   604 | D:1      | Reached skill level 5 in Long Blades
   757 | D:2      | Reached XP level 3. HP: 30/30 MP: 2/2
   759 | D:2      | Found a glowing silver altar of Zin.
   763 | D:2      | Found a glowing golden altar of the Shining One.
   797 | D:2      | Found a white marble altar of Elyvilon.
   805 | D:2      | Found an ornate altar of the Wu Jian Council.
   808 | D:2      | Found an iron altar of Okawaru.
  1167 | D:2      | Noticed Terence
  1179 | D:2      | Killed Terence
  1180 | D:2      | Reached skill level 6 in Long Blades
  1180 | D:2      | Reached XP level 4. HP: 25/37 MP: 3/3
  1765 | D:3      | Found a sparkling altar of Nemelex Xobeh.
  1859 | D:3      | Noticed Purgy
  1868 | D:3      | Killed Purgy
  1869 | D:3      | Reached skill level 7 in Long Blades
  1869 | D:3      | Reached XP level 5. HP: 34/42 MP: 4/4
  2195 | D:3      | Found a sacrificial altar of Ru.
  2612 | D:4      | Reached skill level 1 in Armour
  2614 | D:4      | Reached XP level 6. HP: 50/50 MP: 5/5
  2623 | D:4      | Found a sand-covered staircase.
  2629 | Ossuary  | Entered an ossuary
  2742 | Ossuary  | Reached skill level 8 in Long Blades
  2818 | Ossuary  | Slain by a bog mummy

Illustrated notes

Levels and vault maps discovered:
D:1:      moated_graveyard_arrival, layout_rooms
D:2:      layout_basic, minmay_overflow_temple_star_hex,
          chequers_serial_rivers_room_a, uniq_terence
D:3:      layout_loops_ring, nicolae_ru_the_path_less_chosen,
          nemelex_xobeh_ov_fountains_minmay, uniq_purgy
D:4:      layout_rooms, nicolae_overflow_crystal_walls,
          nicolae_ossuary_entry_plus, kennysheep_big_empty_room, uniq_natasha
Ossuary:  ossuary_zaba_flooded

Skill      XL: |  1  2  3  4  5  6 |
---------------+-------------------+-----
Long Blades    | 4 5 6 7 8 |  8.1
Armour         | 1 2 |  2.3
Fighting       | 3 |  3.5
Dodging        | 4 |  4.0
Throwing       | |  2.0

Action                   |  1- 3 |  4- 6 || total
-------------------------+-------+-------++-------
Melee: Long sword        |    56 |    97 ||   153
       Headbutt          |    10 |    25 ||    35
  Use: Scroll            |       |     1 ||     1
 Stab: Sleeping          |     1 |       ||     1
Armor: Leather armour    |     6 |       ||     6
       Scale mail        |     6 |    33 ||    39
Dodge: Dodged            |    42 |    56 ||    98
       Rpst.: Long sword |    10 |     9 ||    19

Table legend: (Time is in decaauts)
 A = Elapsed time spent in this place.
 B = Non-inter-level travel time spent in this place.
 C = Inter-level travel time spent in this place.
 D = Time resting spent in this place.
 E = Time spent auto-exploring this place.
 F = Levels seen in this place.
 G = Mean time per level.
                   A        B        C        D        E       F      G
               +--------+--------+--------+--------+--------+-----+--------+
         Total |   2833 |   2705 |    128 |      0 |   2223 |   5 |  566.6 |
       Dungeon |   2639 |   2511 |    128 |      0 |   2107 |   4 |  659.8 |
       Ossuary |    194 |    194 |      0 |      0 |    116 |   1 |  194.0 |
               +--------+--------+--------+--------+--------+-----+--------+

Top non-repeatable levels by time:
     D:2: 1032 daAuts
     D:3: 840 daAuts
     D:1: 741 daAuts
 Ossuary: 194 daAuts
     D:4: 24 daAuts
